 Dungeon Crawl Stone Soup version 0.18.1-5-g4a78601 (webtiles) character file.

96 Chaotic the Vexing (level 4, -9/21 HPs)
             Began as a Spriggan Enchanter on May 13, 2016.
             Killed by divine providence
             ... invoked by an orc priest
              (14 damage)
             ... on level 3 of the Dungeon.
             The game lasted 00:09:48 (2602 turns).

Chaotic the Vexing (Spriggan Enchanter)             Turns: 2602, Time: 00:09:48

Health: -9/21      AC:  3    Str:  4    XL:     4   Next: 41%
Magic:  10/20      EV: 18    Int: 17    God:
Gold:   76         SH:  0    Dex: 16    Spells: 2 memorised, 9 levels left

rFire  . . .     SeeInvis +     a - +1 dagger
rCold  . . .     Gourm    .     b - +1 robe
rNeg   . . .     Faith    .     (shield restricted)
rPois  +         Spirit   .     (helmet restricted)
rElec  .         Dismiss  .     (no cloak)
rCorr  .         Reflect  .     (gloves unavailable)
SustAt .         Harm     .     (boots unavailable)
MR     .....                    (no amulet)
Stlth  +++.......               h - ring of magical power
                                f - ring of poison resistance

@: very quick, not resistant to hostile enchantments, fairly stealthy
A: unfitting armour, see invisible, herbivore 3, speed 3, slow metabolism 2
a: no special abilities


You were on level 3 of the Dungeon.
You were hungry.

You visited 1 branch of the dungeon, and saw 3 of its levels.

You collected 76 gold pieces.

Inventory:

Hand Weapons
 a - a +1 dagger (weapon)
Armour
 b - a +1 robe (worn)
Jewellery
 f - a ring of poison resistance (left hand)
 h - a ring of magical power (right hand)
 i - an uncursed amulet of harm
 j - an uncursed amulet of faith
Scrolls
 m - a scroll of remove curse {unknown}
Potions
 e - a potion of resistance {unknown}
 g - a potion of curing {unknown}
 k - a potion of lignification {unknown}
Books
 c - a book of Maledictions

   Spells                             Type                      Level
   a - Corona                         Hexes                        1
   b - Ensorcelled Hibernation        Hexes/Ice                    2
   c - Confuse                        Hexes                        3
   d - Tukima's Dance                 Hexes                        3
   e - Dazzling Spray                 Conjuration/Hexes            3
Comestibles
 d - 4 bread rations


   Skills:
 - Level 1.1 Short Blades
 - Level 3.0 Dodging
 - Level 4.4 Stealth
 + Level 4.5 Spellcasting
 + Level 5.1 Hexes


You had 9 spell levels left.
You knew the following spells:

 Your Spells              Type           Power        Failure   Level  Hunger
a - Corona                Hex            ###....      1%          1    None
b - Ensorcelled Hibernat  Hex/Ice        ##....       10%         2    ##.....


Dungeon Overview and Level Annotations

Branches:
Dungeon (3/15)

Altars:

Annotations:
D:2 Robin


Innate Abilities, Weirdness & Mutations

You are tiny and cannot use many weapons and most armour.
You have supernaturally acute eyesight.
You are a herbivore.
You cover ground extremely quickly.
You need consume almost no food.


Message History

Confirm with . or Enter, or press ? or * to list all spells.
Aiming: Ensorcelled Hibernation
Press: ? - help, Shift-Dir - straight line, f/p - orc priest
Aim: an orc priest, wielding a mace (chance to defeat MR: 43%)
The orc priest looks drowsy...
The orc hits you. The orc priest barely misses you. The orc closely misses you.
Casting: Ensorcelled Hibernation
Confirm with . or Enter, or press ? or * to list all spells.
Aiming: Ensorcelled Hibernation
Press: ? - help, Shift-Dir - straight line, f - orc, p - orc priest
Aim: an orc, wielding a mace and wearing a scale mail (chance to defeat MR: 80%)
The orc resists with significant effort.
The orc completely misses you. The orc hits you with a mace!
* * * LOW HITPOINT WARNING * * *
The orc hits you but does no damage.
A jackal comes into view.
The orc priest invokes the aid of Beogh against you.
Beogh smites you!
Ouch! That really hurt!
You die...

#.#######
##.......# ?
#........#
..#........##
.h.....o..>.#
#....oo.#
#.....o.#
#......[#
#####@###
#.###.###
#........
#.###.### #.#
##.#######
...
#.........
..#
#..#####.. ..
######..##


You could see an orc priest, 3 orcs and a jackal (wandering).

Vanquished Creatures
  2 adders
  4 gnolls (D:2)
  4 giant geckos
  An orc (D:3)
  A ball python (D:1)
  3 bats
  4 goblins
  4 hobgoblins
  3 giant newts (D:1)
  5 kobolds (D:1)
  7 rats (D:1)
38 creatures vanquished.

Notes
Turn   | Place    | Note
--------------------------------------------------------------
     0 | D:1      | Chaotic the Spriggan Enchanter began the quest for the Orb.
     0 | D:1      | Reached XP level 1. HP: 9/9 MP: 5/5
   414 | D:1      | Reached skill level 4 in Hexes
   470 | D:1      | Reached XP level 2. HP: 6/13 MP: 4/7
   569 | D:1      | Learned a level 2 spell: Ensorcelled Hibernation
  1531 | D:2      | Reached XP level 3. HP: 16/16 MP: 6/9
  1749 | D:2      | Reached XP level 4. HP: 13/21 MP: 2/11
  1961 | D:2      | Noticed Robin
  2092 | D:3      | Reached skill level 5 in Hexes
  2602 | D:3      | Killed from afar by an orc priest

Skill      XL: |  1  2  3  4 |
---------------+-------------+-----
Spellcasting   | 3 4 |  4.5
Hexes          | 4 5 |  5.1
Short Blades   | |  1.1
Dodging        | |  3.0
Stealth        | |  4.4

Action                   |  1- 3 |  4- 6 || total
-------------------------+-------+-------++-------
Melee: Dagger            |    56 |    21 ||    77
 Cast: Corona            |     5 |       ||     5
       Ensorcelled Hiber |    16 |    13 ||    29
  Use: Scroll            |       |     2 ||     2
 Stab: Sleeping          |    18 |     8 ||    26
Armor: Robe              |     3 |     4 ||     7
Dodge: Dodged            |    50 |    17 ||    67
